← All builds
Geo sea / Armada / Economy first / OBSERVED BUILD

Standard geo sea

Standard Geo sea play: bot lab then shipyard in the cove, an early submarine and destroyer to contest the sea, geothermal around 7:40 to fund the later fleet transition.

Usually shipyard in the cove (87%)

#naval #eco · 729 distinct matches · 101 players · 81% of Armada Geo sea games · team won 54% of 778 · Recently observed

HOW TO PLAY IT

Key timing: Shipyard by 3:13

  1. Open 3 mex and wind into Bot Lab.
  2. Put up Shipyard with naval turret and BP for defense.
  3. Send out "submarine" then "destroyer" to contest the sea.
  4. Bring geothermal online to fund the fleet.
  5. Add Advanced Metal Extractor as the economy transitions.

Phase by phase

TYPICAL OF ITS 729 GAMES
  1. 1
  2. 2
  3. 3
  4. 4
PLAY THE OPENING

Follow the example game's first 6:00 step by step: what to build now, what comes next, and where it goes. At 1× it keeps pace with your own game.

  1. 1

    Up to the Bot Lab

    Economy
    • Metal Extractor3Mex
    • Wind Turbine3Wind
    Order
    1. Bot LabBot Lab after 3 mex, 3 winddone ~1:12, middle half 1:06–1:18

    Some games also: wind for allies (44%)

    By 0:55 in all: 3 mex · 3 wind

    The example game in this phase · 4 steps
    1. Mex ×3
    2. Wind ×2for Air
    3. Wind ×2
    4. Bot LabBot Labdone 1:11 · typical 1:12
  2. 2

    Bot Lab to Shipyard

    Economy
    • Metal Extractor1Mex
    • Wind Turbine1Wind
    Order
    1. ShipyardShipyard after 4 mex, 4 winddone ~3:11, middle half 2:50–3:36
    Builders
    • Construction Bot3 Con bot
    • Lazarus2 Lazarus

    Some games also: pawn (44%) · con turret (38%) · crossbow (35%)

    By 2:48 in all: 4 mex · 4 wind

    The example game in this phase · 16 steps
    1. CrossbowCrossbow
    2. Wind ×2
    3. CrossbowCrossbow
    4. Wind ×2
    5. LazarusLazarus
    6. Wind ×2
    7. Construction BotCon bot ×3
    8. Energy storage
    9. LazarusLazarus
    10. Mex
    11. PawnPawn
    12. Con turret
    13. Mex
    14. AnemoneAnemone
    15. Mex ×2
    16. ShipyardShipyarddone 4:12 · typical 3:11
  3. 3

    Shipyard to 5:00

    Economy
    • Metal Extractor4Mex
    • Wind Turbine1Wind
    Builders
    • Construction Ship1 Con ship
    Army
    • Dolphin3 Dolphin
    • Skater1 Skater
    • Corsair1 Destroyer
    Other
    • Radar Tower1 Radar Tower

    Some games also: Sentry (44%) · submarine (44%) · converter (32%) · con turret (31%) · pawn (31%)

    By 5:00 in all: 8 mex · 7 wind · 1 energy storage · 1 con turret

    The example game in this phase · 16 steps
    1. Radar TowerRadar Tower
    2. Mex
    3. Wind
    4. DolphinDolphin
    5. SentrySentry
    6. DolphinDolphin
    7. Converter
    8. Radar TowerRadar Tower
    9. Wind ×2
    10. DolphinDolphin
    11. Wind
    12. Construction ShipCon ship
    13. Wind ×2
    14. EelSubmarinedone 5:05 · typical 4:22
    15. SentrySentry
    16. Wind
  4. 4

    5:00 to 10:00

    Economy
    • Metal Extractor2Mex
    • Wind Turbine12Wind
    • Energy Converter2Converter
    Builders
    • Construction Turret1 Con turret
    • Construction Ship1 Con ship
    • Grim Reaper1 Grim Reaper
    Army
    • Sentry1 Sentry
    • Dolphin5 Dolphin
    • Corsair2 Destroyer
    • Skater2 Skater

    Some games also: Radar Tower (49%) · frigate (40%) · geo (40%) · Harpoon (39%) · Naval Construction Turret (33%)

    By 10:00 in all: 11 mex · 19 wind · 1 geo · 4 converter · 1 energy storage · 2 con turret

    The example game in this phase · 111 steps
    1. Wind
    2. Mex
    3. Construction ShipCon ship
    4. Converter
    5. Grim ReaperGrim Reaper
    6. Converter
    7. Mex
    8. SentrySentry
    9. EllysawFrigate
    10. Wind
    11. EllysawFrigate
    12. SentrySentry
    13. Converter
    14. Wind
    15. CorsairDestroyerdone 6:32 · typical 5:35
    16. Wind
    17. SentrySentry
    18. Geothermal PowerplantGeodone 9:12 · typical 7:45
    19. Wind
    20. Naval Radar / Sonar TowerNaval Radar / Sonar Tower
    21. Wind
    22. SkaterSkater
    23. CorsairDestroyer
    24. Converter
    25. Wind ×4
    26. Converter
    27. Wind ×2
    28. SkaterSkater
    29. Wind ×2
    30. Mex
    31. CorsairDestroyer
    32. Advanced Metal ExtractorT2 mexdone 8:30 · typical 9:17
    33. Wind
    34. Converter
    35. Wind
    36. Mex
    37. Wind
    38. Converter
    39. Grim ReaperGrim Reaper
    40. Wind ×2
    41. Advanced Metal ExtractorT2 mex
    42. Naval Radar / Sonar TowerNaval Radar / Sonar Tower
    43. Wind
    44. CorsairDestroyer
    45. Wind ×3
    46. Advanced Metal ExtractorT2 mex
    47. Converter
    48. CorsairDestroyer
    49. Wind ×2
    50. Converter
    51. Wind
    52. Converter
    53. Wind ×2
    54. Mex
    55. Wind
    56. SkaterSkater
    57. Wind
    58. Grim ReaperGrim Reaper
    59. Naval Radar / Sonar TowerNaval Radar / Sonar Tower
    60. Wind
    61. Advanced Metal ExtractorT2 mex
    62. Construction ShipCon ship
    63. Wind ×3
    64. CorsairDestroyer
    65. Converter
    66. Wind ×2
    67. CorsairDestroyer
    68. Wind
    69. Converter
    70. SkaterSkater
    71. CorsairDestroyer
    72. Wind
    73. Advanced Metal ExtractorT2 mex
    74. Converter
    75. CorsairDestroyer
    76. Wind
    77. SkaterSkater
    78. Naval Radar / Sonar TowerNaval Radar / Sonar Tower
    79. CorsairDestroyer
    80. Wind
    81. Advanced Metal ExtractorT2 mex
    82. Converter
    83. Grim ReaperGrim Reaper
    84. Naval Radar / Sonar TowerNaval Radar / Sonar Tower
    85. Wind
    86. Grim ReaperGrim Reaper
    87. CorsairDestroyer
    88. Converter
    89. Wind
    90. CorsairDestroyer
    91. Wind
    92. Converter
    93. SkaterSkater
    94. Naval Construction Turret
    95. Wind
    96. EllysawFrigate
    97. Metal storage
    98. Wind
    99. Construction ShipCon ship
    100. Converter
    101. Construction ShipCon ship ×2
    102. Wind
    103. CorsairDestroyer ×2
    104. Wind
    105. SkaterSkater
    106. CorsairDestroyer
    107. SkaterSkater
    108. EllysawFrigate
    109. Wind
    110. EllysawFrigate
    111. Naval Construction Turret

Counts are medians over the build's games: half of them build more, half fewer. The example game is Rexalidus's (38 OS, 22/09/2026); pick another.

Team trades

IN AT LEAST 30% OF ITS GAMES

You hand over

  • Wind Turbine2 Wind to Airfirst at 1:41 · in 62% of games

You get

  • Finch1 Finch from Airfirst at 1:51 · in 74% of games
  • Hercules1 Light transport from Airfirst at 2:05 · in 64% of games
  • Advanced Construction Bot1 T2 con bot from Techfirst at 7:42 · in 89% of games

How it plays out

Typical game of this build, running totals by minute

Metal produced

010k20k30k
0:005:0010:0015:00

metal

Enemy metal destroyed

05k10k
0:005:0010:0015:00

metal

Own metal lost

02.5k5k7.5k
0:005:0010:0015:00

metal

778 games.

Show as table
ByMetal produced: This buildEnemy metal destroyed: This buildOwn metal lost: This build
1:0039500
2:0092800
3:00160300
4:002928051
5:00414717574
6:005554541314
7:0071101004646
8:00877617711041
9:001068025461676
10:001296034962273
11:001570846933181
12:001869457873959
13:002186669234765
14:002559380275669
15:002907491296696
WHAT THE NUMBERS SAY

Standard Armada geo sea nearly matches Cortex's economy numbers but wins slightly more often at 53%.

  • + Metal produced reaches 28785 by 15:00, the highest of the sea builds
  • + Own metal lost of 6895 stays well under enemy metal destroyed's 9048
  • − Geothermal only lands in 58% of games by 7:34
  • − T2 factory completes in only 40% of games by 12:43
THE EXAMPLE YOU ARE READING

Rexalidus

37.7 OS · 22/09/2026

Open source match ↗

5 received units · includes a constructor
225 metal received · 56481 energy received

Allied construction assistance is unknown. Timings are observations, not a promise of solo reproducibility.

Typical milestones

Bot Lab1:12Middle 50%: 1:06–1:18 · n=746
Shipyard3:11Middle 50%: 2:50–3:36 · n=767
Eel4:22Middle 50%: 3:41–5:34 · n=464
Corsair5:35Middle 50%: 4:50–6:34 · n=719
Geothermal Powerplant7:45Middle 50%: 6:47–9:10 · n=475
Advanced Metal Extractor9:17Middle 50%: 8:36–10:07 · n=680

Played most by

Optimusprimenutt52games of this buildKingBenjai49games of this build_X_48games of this buildhaaven42games of this buildHummell33games of this build